 Dungeon Crawl Stone Soup version 0.23.2-1-ga50397a6bc (webtiles) character file.

Game seed: 5895864125969821816

1126 Gargoyl the Chopper (level 8, -12/67 HPs)
             Began as a Centaur Abyssal Knight on May 8, 2019.
             Was a Priest of Lugonu.
             Mangled by a wyvern (16 damage)
             ... on level 6 of the Dungeon.
             The game lasted 00:07:38 (6560 turns).

Gargoyl the Chopper (Centaur Abyssal Knight)        Turns: 6560, Time: 00:07:39

Health: -12/67     AC: 14    Str: 15    XL:     8   Next: 13%
Magic:  20/20      EV:  9    Int: 11    God:    Lugonu [***...]
Gold:   326        SH:  0    Dex: 11    Spells: 7/7 levels left

rFire    . . .     SeeInvis .   a - +1 hand axe
rCold    . . .     Gourm    .   (no shield)
rNeg     . . .     Faith    .   k - +2 ring mail
rPois    .         Spirit   .   j - +0 helmet
rElec    .         Reflect  .   (no cloak)
rCorr    .         Harm     .   d - +0 pair of gloves
MR       .....                  (no barding)
Stlth    ..........             i - amulet of magic regeneration
HPRegen  0.21/turn              b - +4 ring of protection
MPRegen  0.42/turn              p - ring of magical power

@: very quick
A: large, hooves 3, deformed body, speed 2, tough skin 3
a: Depart the Abyss, Bend Space, Banish, Renounce Religion


You were on level 6 of the Dungeon.
You worshipped Lugonu.
Lugonu was most pleased with you.
You were not hungry.

You visited 1 branch of the dungeon, and saw 6 of its levels.
You visited the Abyss 1 time.
You also visited: Sewer.

You collected 326 gold pieces.

Inventory:

Hand Weapons
 a - a +1 hand axe (weapon)
Armour
 d - a +0 pair of gloves (worn)
 j - a +0 helmet (worn)
 k - a +2 ring mail (worn)
Jewellery
 b - a +4 ring of protection (left hand)
 i - an amulet of magic regeneration (around neck)
 o - a +4 amulet of reflection {unknown}
 p - a ring of magical power (right hand)
 u - a +3 amulet of reflection {unknown}
Wands
 q - a wand of digging (6)
Scrolls
 l - 2 scrolls of remove curse
 n - 3 scrolls of teleportation
 s - 2 scrolls of fog
 v - a scroll of identify
Potions
 e - 2 potions of agility {unknown}
 f - 2 potions of lignification {unknown}
 g - a potion of ambrosia {unknown}
 h - a potion of magic {unknown}
 m - a potion of curing {unknown}
 r - a potion of resistance {unknown}
 t - a potion of heal wounds {unknown}
Comestibles
 c - 16 rations


   Skills:
 + Level 4.3 Fighting
 + Level 5.1 Axes
 * Level 3.9 Armour
 * Level 2.8 Dodging
 * Level 4.5 Invocations


You had 7 spell levels left.
You didn't know any spells.
Your spell library contained the following spells:

 Spells                   Type           Power        Failure   Level  Hunger
 Confusing Touch          Hex            #.....       54%         1    ##.....
 Confuse                  Hex            #.......     89%         3    ####...
 Gell's Gravitas          Tloc           #.........   89%         3    ####...
 Petrify                  Tmut/Erth      #.......     100%        4    #####..
 Metabolic Englaciation   Hex/Ice        #.........   100%        5    ######.
 Yara's Violent Unravell  Hex/Tmut       #.........   100%        5    ######.


Dungeon Overview and Level Annotations

Branches:
Dungeon (6/15)
 Temple: D:4-7

Altars:
Ashenzari
Cheibriados
Dithmenos
Makhleb
Nemelex Xobeh
Ru
Yredelemnul


Innate Abilities, Weirdness & Mutations

You have hooves in place of feet.
Armour fits poorly on your strangely shaped body.
You cover ground very quickly.
You have extremely tough skin. (AC +3)


Message History

The wyvern closely misses you. The wyvern completely misses you.
You barely miss the wyvern.
The wyvern is almost dead.
The wyvern bites you!
You closely miss the wyvern.
The wyvern is almost dead.
The wyvern bites you!
* * * LOW HITPOINT WARNING * * *
The wyvern bites you.
* * * LOW HITPOINT WARNING * * *
You hit the wyvern but do no damage.
The wyvern is almost dead.
The wyvern closely misses you.
You hit the wyvern.
The wyvern is almost dead.
The wyvern bites you but does no damage. x2
You hit the wyvern but do no damage.
The wyvern is almost dead.
The wyvern bites you!
You die...

.......#...##..###..##.###.##
#####......###..#..###..##.#
##.#.#..##.....##...)..#
#.#...............))..#
#.#..##.........##..†##
#.#.####(.._...####.......#
#.#..##.........##..#######
#.................#
.....##..@l.##..#### ##..#
#..#).###....( ##.
#..###..##..# #
....###.(....#
####..#...(...# #......#####
########


You could see a wyvern.

Vanquished Creatures
  A sky beast (D:5)
  2 ogres (D:5)
  2 centaurs (D:6)
  A bullfrog (D:6)
  A scorpion (D:6)
  A crimson imp (D:6)
  A hound (D:6)
  An orc priest (D:6)
  A jelly (D:5)
  Jessica (D:3)
  5 orc wizards
  A worker ant (D:4)
  A hound skeleton (D:5)
  3 gnolls (D:6)
  3 howler monkey skeletons (D:6)
  8 adders
  A river rat (D:4)
  A shadow imp (D:6)
  2 oozes
  A worm (D:3)
  3 dart slugs
  5 leopard geckos
  15 orcs
  4 ball pythons
  8 giant cockroaches
  9 goblins
  5 hobgoblins
  15 jackals
  13 kobolds
  A quokka (D:4)
  7 bats
  9 frilled lizards
  A giant cockroach zombie (D:6)
  2 leopard gecko zombies (D:5)
  7 rats
  A plant (Sewer)
143 creatures vanquished.

Vanquished Creatures (others)
  An orc wizard (D:5)
1 creature vanquished.

Grand Total: 144 creatures vanquished

Notes
Turn   | Place    | Note
-------+----------+-------------------------------------------
     0 | Abyss:1  | Gargoyl the Centaur Abyssal Knight began the quest for the
                  | Orb.
     0 | Abyss:1  | Reached XP level 1. HP: 19/19 MP: 2/2
    63 | Abyss:1  | Noticed a large abomination
    72 | Abyss:1  | Found an opulent altar of Gozag.
   117 | Abyss:1  | Noticed a blizzard demon
   127 | Abyss:1  | Noticed a golden dragon simulacrum
   141 | D:1      | Escaped the Abyss
   231 | D:1      | Reached * piety under Lugonu
   231 | D:1      | Reached XP level 2. HP: 18/26 MP: 3/3
   610 | D:1      | Reached skill level 2 in Axes
   922 | D:1      | Reached skill level 1 in Dodging
  1088 | D:1      | Reached XP level 3. HP: 31/31 MP: 4/4
  1827 | D:2      | Reached ** piety under Lugonu
  2008 | D:2      | Reached XP level 4. HP: 37/38 MP: 5/5
  2291 | D:3      | Noticed Jessica
  2297 | D:3      | Killed Jessica
  2853 | D:2      | Found a sacrificial altar of Ru.
  2897 | D:3      | Found a burning altar of Makhleb.
  2897 | D:3      | Found a snail-covered altar of Cheibriados.
  3184 | D:4      | Reached XP level 5. HP: 45/45 MP: 7/7
  3279 | D:4      | Found a glowing drain.
  3287 | Sewer    | Entered a sewer
  3355 | Sewer    | Reached skill level 3 in Axes
  3673 | Sewer    | Reached *** piety under Lugonu
  4026 | D:4      | Found a basalt altar of Yredelemnul.
  4303 | D:4      | Reached XP level 6. HP: 42/52 MP: 8/8
  4586 | D:5      | Entered Level 5 of the Dungeon
  4650 | D:5      | Noticed a sky beast
  4677 | D:5      | Killed a sky beast
  4962 | D:5      | Found a shattered altar of Ashenzari.
  5266 | D:5      | Reached skill level 4 in Axes
  5283 | D:5      | Reached XP level 7. HP: 45/59 MP: 9/9
  6127 | D:6      | Found a sparkling altar of Nemelex Xobeh.
  6438 | D:6      | Found a shadowy altar of Dithmenos.
  6447 | D:6      | Reached **** piety under Lugonu
  6451 | D:6      | Reached XP level 8. HP: 55/66 MP: 11/11
  6526 | D:6      | Reached skill level 5 in Axes
  6557 | D:6      | HP: 3/67 [wyvern (4)]
  6560 | D:6      | Mangled by a wyvern

Skill      XL: |  1  2  3  4  5  6  7  8 |
---------------+-------------------------+-----
Axes           | 2 3 4 5 |  5.1
Dodging        | 1 2 |  2.8
Armour         | 2 3 |  3.9
Invocations    | 3 4 |  4.5
Fighting       | 4 |  4.3

Action                   |  1- 3 |  4- 6 |  7- 9 || total
-------------------------+-------+-------+-------++-------
Melee: Hand axe          |   132 |   284 |   112 ||   528
       Kick              |    18 |    61 |    27 ||   106
Invok: Depart the Abyss  |     1 |       |       ||     1
  Use: Scroll            |     4 |     5 |     1 ||    10
  Eat: Chunk             |     2 |     8 |     5 ||    15
Armor: Leather armour    |    21 |       |       ||    21
       Ring mail         |    51 |   191 |    78 ||   320
Dodge: Dodged            |    74 |   110 |    77 ||   261
